Map: King Sejong Station LE

Players

Cham - Winner!

  • Race: Zerg Zerg

vLDemonizer (Demonizer)

  • Race: Terran Terran

Event: WCS Copa Intercontinental

VOD

Have the link to the VOD?

Description

Time

  • Played on: Sept. 9, 2016, 2:38 p.m.
  • Length: 11:49

All games in this series

Show
View Real Time Build Order
Export as new Build Order

Cham Zerg - Winner!

Build Orders: Hatch First 

Get SALT Encoding   

  12  0:01  Drone  
  13  0:08  Drone  
  14  0:17  Overlord  
  14  0:36  Drone x3  
  17  0:53  Hatchery  
  17  0:56  Drone  
  17  0:59  Drone  
  18  1:09  Extractor  
  17  1:15  Spawning Pool  
  17  1:17  Drone  
  17  1:20  Drone  
  18  1:30  Drone  
  19  1:40  Overlord  
  19  1:52  Drone  
  20  2:02  Queen  
  20  2:03  Zergling x2  
  20  2:05  Queen, Zergling x2  
  26  2:08  Metabolic Boost  
  26  2:13  Zergling x2  
  27  2:17  Drone  
  28  2:24  Drone  
  29  2:30  Overlord  
  29  2:37  Drone  
  29  2:41  Queen, Drone  
  33  2:49  Zergling x4  
  35  2:56  Queen  
  36  3:01  Zergling x4  
  38  3:09  Overlord  
  38  3:11  Zergling x2  
  39  3:14  Zergling x2  
  39  3:16  Zergling x6  
  43  3:22  Overlord  
  43  3:25  Zergling x2  
  43  3:26  Overlord  
  44  3:33  Zergling x4  
  46  3:38  Drone  
  47  3:45  Drone  
  47  3:46  Drone  
  47  3:47  Drone x3  
  51  4:11  Drone x4, Hatchery  
  52  4:18  Drone x4  
  52  4:23  Drone x2  
  56  4:27  Evolution Chamber  
  56  4:30  Evolution Chamber  
  54  4:31  Drone  
  54  4:33  Drone  
  54  4:36  Overlord  
  56  4:41  Drone  
  56  4:43  Drone  
  57  4:46  Overlord  
  57  4:51  Drone  
  57  4:52  Drone x4  
  62  4:56  Zerg Ground Armor Level 1  
  62  5:00  Zerg Melee Weapons Level 1  
  62  5:04  Drone x2  
  64  5:10  Overlord  
  64  5:11  Lair  
  64  5:16  Baneling Nest  
  64  5:17  Drone  
  64  5:21  Drone, Extractor  
  63  5:22  Drone, Extractor  
  63  5:23  Drone  
  63  5:25  Extractor  
  64  5:29  Drone x3  
  64  5:30  Drone x2  
  64  5:32  Drone  
  64  5:34  Drone  
  71  5:36  Spore Crawler  
  71  5:40  Drone x3  
  71  5:41  Drone  
  74  5:45  Drone  
  74  5:47  Drone  
  74  5:48  Spore Crawler  
  75  5:51  Drone  
  75  5:52  Spore Crawler  
  75  5:53  Drone x2  
  75  5:54  Drone  
  75  5:55  Drone  
  80  5:57  Drone x2  
  81  6:11  Overlord  
  81  6:13  Hatchery  
  81  6:15  Zergling x4  
  82  6:18  Zergling x2  
  82  6:19  Zergling x8  
  82  6:21  Centrifical Hooks  
  82  6:24  Zergling x4  
  89  6:28  Baneling x4  
  89  6:30  Baneling  
  89  6:35  Overlord  
  89  6:36  Hatchery  
  89  6:37  Overseer  
  89  6:38  Zergling x4  
  89  6:39  Zergling x4  
  92  6:41  Zergling x2  
  92  6:42  Zergling x2  
  92  6:45  Overlord  
  94  6:53  Zergling x6  
  96  6:55  Zergling x4  
  96  6:56  Zergling x8  
  96  6:57  Overlord  
  102  7:13  Zerg Ground Armor Level 2, Zerg Melee Weapons Level 2  
  102  7:18  Drone x2  
  102  7:19  Infestation Pit  
  98  7:24  Zergling x10  
  98  7:25  Zergling x8  
  98  7:27  Queen  
  98  7:29  Overlord  
  109  7:30  Zergling x6  
  109  7:31  Zergling x4  
  114  7:37  Overlord x2  
  114  7:38  Overseer  
  114  7:39  Zergling x4  
  116  7:45  Extractor  
  116  7:46  Drone x3  
  111  7:55  Zergling x8  
  111  7:56  Zergling x2  
  111  7:58  Zergling x10  
  113  8:10  Drone x3  
  113  8:12  Hive  
  109  8:19  Zergling x14  
  105  8:20  Zergling x4  
  105  8:24  Zergling x2  
  105  8:25  Zergling x4  
  110  8:29  Drone x2  
  110  8:32  Zergling x8  
  116  8:34  Overseer  
  116  8:36  Baneling  
  116  8:37  Spore Crawler, Baneling x8  
  116  8:38  Baneling, Zergling x4  
  116  8:39  Baneling  
  116  8:40  Zergling x6  
  116  8:41  Zergling x2  
  121  8:42  Baneling x3  
  121  8:47  Zergling x8  
  121  8:48  Zergling x2  
  126  8:53  Zergling x2  
  126  8:54  Baneling, Zergling x2  
  126  8:55  Baneling  
  124  9:06  Zergling x6  
  124  9:07  Zergling x2  
  125  9:12  Queen  
  125  9:14  Zergling x6  
  125  9:15  Zergling x2  
  125  9:16  Drone  
  132  9:18  Zergling x6  
  132  9:19  Zergling x2  
  132  9:20  Zergling x4, Spire  
  132  9:22  Baneling  
  132  9:23  Zergling x2  
  138  9:30  Ultralisk Cavern  
  138  9:31  Zergling x6  
  139  9:32  Spine Crawler  
  139  9:33  Baneling x3  
  139  9:34  Zergling x2  
  123  10:00  Baneling x2  
  123  10:05  Zergling x4  
  123  10:06  Overseer, Zergling x4, Overlord  
  123  10:07  Overlord x3  
  127  10:08  Zergling x10  
  127  10:09  Overlord  
  127  10:10  Overlord  
  127  10:11  Zergling x2  
  132  10:14  Zergling x4  
  132  10:16  Zergling x2  
  132  10:17  Zergling x4  
  132  10:19  Baneling x2  
  132  10:20  Zergling x2  
  132  10:21  Zergling x2  
  138  10:24  Chitinous Plating  
  137  10:29  Burrow  
  137  10:31  Ultralisk x3  
  151  10:48  Hatchery  
  151  10:49  Ultralisk  
  146  10:56  Zergling x8  
  148  10:57  Baneling x2  
  148  11:00  Ultralisk  
  148  11:01  Zergling x6  
  148  11:02  Zergling x4  
  148  11:03  Zergling x8  
  148  11:04  Zergling x4  
  160  11:11  Baneling x3  
  160  11:12  Baneling x2  
  160  11:13  Zergling x6  
  160  11:14  Zergling x2  
  160  11:16  Overseer  
  143  11:31  Zergling x6  
Show
View Real Time Build Order
Export as new Build Order

vLDemonizer Terran 

Build Orders: MMM Bio 

Get SALT Encoding   

  12  0:00  SCV  
  13  0:13  SCV  
  14  0:17  Supply Depot  
  14  0:25  SCV  
  15  0:38  SCV  
  15  0:40  Barracks  
  16  0:44  Refinery  
  16  0:50  SCV  
  17  1:03  SCV, Barracks  
  18  1:15  SCV  
  19  1:27  Orbital Command  
  19  1:28  Reaper  
  20  1:35  Supply Depot  
  20  1:51  Reaper  
  20  1:53  SCV  
  22  2:05  Reaper  
  22  2:06  SCV  
  24  2:12  Command Center  
  24  2:18  SCV  
  24  2:20  Refinery  
  25  2:23  Reaper  
  26  2:30  SCV  
  27  2:42  SCV, Reaper  
  29  2:54  SCV  
  29  2:55  Reaper  
  31  3:09  Supply Depot, Command Center  
  31  3:23  SCV  
  31  3:26  Orbital Command  
  32  3:28  Factory  
  32  3:29  Barracks Tech Lab  
  32  3:32  Bunker  
  32  3:35  SCV, Barracks Reactor  
  29  3:43  Engineering Bay  
  29  3:48  SCV, Marine  
  31  3:52  SCV  
  32  4:00  SCV  
  32  4:06  Marine  
  32  4:09  SCV  
  34  4:17  SCV, Marine  
  34  4:18  Marine  
  34  4:23  Marine  
  38  4:27  Stimpack  
  38  4:29  Orbital Command  
  37  4:34  SCV  
  37  4:35  SCV, Marine x2  
  41  4:41  Marine  
  42  4:46  SCV  
  42  4:49  Starport, Factory Reactor  
  42  4:52  SCV  
  44  4:53  Marine x2  
  44  4:57  SCV  
  44  4:58  SCV  
  44  4:59  Marine  
  49  5:04  SCV  
  49  5:06  Terran Infantry Weapons Level 1  
  50  5:09  SCV  
  50  5:10  Supply Depot  
  50  5:11  Marine x2  
  50  5:12  SCV  
  54  5:16  Engineering Bay  
  54  5:17  Engineering Bay  
  54  5:18  SCV  
  54  5:20  Marine  
  56  5:22  SCV  
  56  5:25  SCV  
  58  5:29  Marine  
  58  5:31  SCV  
  58  5:32  Medivac  
  58  5:33  Factory Reactor  
  58  5:34  Medivac  
  64  5:37  Barracks  
  64  5:40  SCV, Barracks  
  65  5:43  Terran Infantry Armor Level 1  
  65  5:45  Barracks, Marine x2  
  65  5:48  SCV  
  65  5:49  Refinery  
  68  5:51  Refinery  
  68  5:52  SCV  
  68  5:53  SCV  
  70  5:57  Marine  
  70  6:00  SCV, Supply Depot  
  70  6:02  Supply Depot  
  70  6:03  Marine  
  73  6:04  SCV  
  73  6:06  Medivac  
  73  6:07  Marine  
  77  6:21  Medivac, SCV x3  
  77  6:22  Supply Depot, Marine x2  
  77  6:23  Supply Depot  
  77  6:25  Barracks Reactor  
  84  6:27  Barracks Reactor  
  84  6:29  Marine  
  85  6:34  Barracks Reactor  
  85  6:36  SCV  
  86  6:40  Marine x2, Combat Shields  
  86  6:41  SCV  
  89  6:48  Marine  
  89  6:49  SCV  
  91  6:54  Widow Mine x2  
  91  6:55  Medivac  
  91  6:58  SCV, Marine x2  
  91  6:59  Orbital Command  
  100  7:01  Armory  
  100  7:03  SCV  
  101  7:13  SCV  
  101  7:15  SCV, Marine  
  101  7:22  Marine x2  
  87  7:23  Medivac, Marine x6  
  87  7:25  SCV x2  
  87  7:26  Medivac  
  87  7:27  Widow Mine x2  
  102  7:33  Marine  
  103  7:38  Refinery  
  103  7:40  Marine x4  
  103  7:41  Marine x2  
  109  7:46  Barracks x2, Marine x2  
  109  7:51  Marine  
  108  7:57  Marine  
  108  7:58  Marine  
  95  8:07  Marine x2  
  95  8:09  SCV  
  95  8:11  Marine x2  
  96  8:13  Marine  
  96  8:14  Marine x2  
  96  8:15  Marine  
  96  8:16  Marine  
  99  8:21  SCV  
  99  8:22  SCV  
  99  8:23  Medivac x2, Widow Mine x2  
  99  8:24  Marine x2  
  111  8:27  SCV  
  111  8:29  Marine x2  
  111  8:31  Marine, Terran Infantry Weapons Level 2  
  111  8:34  SCV  
  116  8:37  Barracks  
  116  8:38  Barracks Reactor  
  116  8:39  Barracks Tech Lab, Marine  
  117  8:46  Terran Infantry Armor Level 2  
  117  8:52  Supply Depot  
  117  9:02  SCV, Marine x2  
  117  9:03  SCV  
  117  9:14  SCV x2, Marine x2, Marauder x2  
  125  9:20  Marine x6  
  125  9:21  Supply Depot x2  
  125  9:22  Marine  
  132  9:28  Marine  
  133  9:36  Marine x3, Marauder  
  133  9:42  Widow Mine x2, Marine x4, Marauder  
  133  9:43  Medivac x2  
  139  9:55  Marine x3  
  139  9:56  Marine  
  139  9:57  Marauder  
  136  10:05  Marine  
  136  10:06  Marine, Marauder  
  136  10:07  Marine  
  138  10:13  Marine x2  
  141  10:17  Marine x2  
  141  10:18  Marine x2  
  141  10:19  Marauder  
  141  10:21  Orbital Command  
  143  10:23  Marine x2  
  143  10:24  Widow Mine x2  
  149  10:29  Command Center  
  149  10:31  Medivac  
  149  10:32  Marauder  
  153  10:36  Marine x2  
  153  10:40  Marauder  
  146  10:47  Marine x4  
  146  10:48  Marine  
  136  10:50  Marine  
  136  10:53  Marauder  
  136  10:54  Marine x3  
  136  10:57  Widow Mine, Marine x2  
  140  10:58  Medivac, Widow Mine  
  140  11:02  Marauder  
  150  11:05  Marine x2  
  150  11:10  Marine x2  
  154  11:15  Marauder  
  156  11:23  Marauder  
  144  11:26  Marine  
  144  11:31  Marine x3  
  122  11:34  Barracks Tech Lab  
Tags
 
Add a new tag
Caveats
  • Supply blocks, unpowered buildings, or Contaminate may cause inaccurate times.
  • Supply counts are checked every 10 seconds.